 Dungeon Crawl Stone Soup version 0.23.2-33-g5129a83184 (webtiles) character file.

Game seed: 16280312158540900093

33249 DildoBatman the Black Sun (level 14, -12/98 HPs)
             Began as a Formicid Wizard on July 10, 2019.
             Was a High Priest of Kikubaaqudgha.
             Mangled by a five-headed hydra (15 damage)
             ... on level 11 of the Dungeon.
             The game lasted 01:25:18 (17460 turns).

DildoBatman the Black Sun (Formicid Wizard)        Turns: 17460, Time: 01:25:18

Health: -12/98     AC:  9    Str: 15    XL:     14   Next: 7%
Magic:  23/23      EV: 13    Int: 30    God:    Kikubaaqudgha [*****.]
Gold:   580        SH:  5    Dex: 13    Spells: 3/25 levels left

rFire    + . .     SeeInvis +   a - +2 quarterstaff "Vyosuam" {drain, *Noise +Blink rC+ Int+7}
rCold    + + .     Gourm    .   J - +0 buckler
rNeg     . . .     Faith    .   d - +1 leather armour {rC+}
rPois    .         Spirit   .   (helmet unavailable)
rElec    .         Reflect  .   p - +2 cloak
rCorr    .         Harm     .   H - +0 pair of gloves
MR       +....                  (no boots)
Stlth    +++.......             m - amulet of magic regeneration
HPRegen  0.26/turn              r - +2 ring of dexterity
MPRegen  0.43/turn              t - +3 ring of strength

@: no status effects
A: permanent stasis, dig shafts and tunnels, four strong arms, antennae 3,
hooves 1, agile 1, fire resistance 1
a: Dig, Shaft Self, Receive Corpses, Torment, Renounce Religion


You were on level 11 of the Dungeon.
You worshipped Kikubaaqudgha.
Kikubaaqudgha was extremely pleased with you.
You were not hungry.

You visited 2 branches of the dungeon, and saw 15 of its levels.
You also visited: Ossuary.

You collected 786 gold pieces.
You spent 206 gold pieces at shops.

Inventory:

Hand Weapons
 a - the +2 quarterstaff "Vyosuam" (weapon) {drain, *Noise +Blink rC+ Int+7}
   (You bought it in a shop on level 7 of the Dungeon)

   A truly terrible weapon, it drains the life of those it strikes.
   It affects your intelligence (+7).
   It protects you from cold.
   It lets you blink.
   It may make noises in combat.
 e - a +1 halberd of freezing
 E - a +1 bardiche
Missiles
 b - 2 throwing nets (quivered)
 s - 375 arrows
 F - 90 bolts
 G - 66 sling bullets
Armour
 d - a +1 leather armour of cold resistance (worn)
 p - a +2 cloak (worn)
 H - a +0 pair of gloves (worn)
 J - a +0 buckler (worn)
Jewellery
 l - an uncursed ring of positive energy
 m - an amulet of magic regeneration (around neck)
 r - a +2 ring of dexterity (left hand)
 t - a +3 ring of strength (right hand)
Wands
 A - a wand of flame (12)
Scrolls
 c - 6 scrolls of amnesia
 f - a scroll of immolation {unknown}
 g - 2 scrolls of enchant weapon
 j - a scroll of fog {unknown}
 x - a scroll of remove curse
 z - a scroll of identify
 C - a scroll of magic mapping
 K - 2 scrolls of blinking {unknown}
 O - a scroll of enchant armour {unknown}
Potions
 h - 3 potions of agility {unknown}
 i - a potion of invisibility
 n - 5 potions of lignification {unknown}
 o - 2 potions of flight {unknown}
 y - 6 potions of curing
 B - 2 potions of ambrosia {unknown}
 I - a potion of resistance {unknown}
 M - 3 potions of magic {unknown}
Comestibles
 v - 24 rations


   Skills:
 * Level 5.2 Fighting
 - Level 2.0 Staves
 * Level 5.3 Armour
 * Level 3.2 Dodging
 - Level 6.0 Stealth
 - Level 6.0 Shields
 * Level 6.1 Spellcasting
 - Level 6.0 Conjurations
 - Level 4.1 Charms
   Level 1.0 Summonings
 - Level 12.0 Necromancy
   Level 0.8 Translocations
 - Level 4.1 Fire Magic
 - Level 4.0 Air Magic
 * Level 10.6 Earth Magic
 - Level 8.0 Poison Magic
 - Level 6.0 Evocations


You had 3 spell levels left.
You knew the following spells:

 Your Spells              Type           Power        Failure   Level  Hunger
a - Conjure Flame         Conj/Fire      #####...     2%          3    None
b - Borgnjor's Vile Clut  Necr/Erth      ######....   1%          5    #####..
c - Magic Dart            Conj           ####         1%          1    None
d - Regeneration          Chrm/Necr      ######....   1%          3    None
e - Mephitic Cloud        Conj/Pois/Air  #####...     1%          3    None
h - Dispel Undead         Necr           ######..     1%          5    #####..
z - Sublimation of Blood  Necr           ######....   1%          2    None

Your spell library contained the following spells:

 Spells                   Type           Power        Failure   Level  Hunger
 Animate Skeleton         Necr           N/A          1%          1    None
 Pain                     Necr           ####         1%          1    None
 Searing Ray              Conj           #####.       1%          2    None
 Dazzling Spray           Conj/Hex       ####..       5%          3    None
 Call Imp                 Summ           ###.....     6%          2    None
 Slow                     Hex            #.......     10%         2    None
 Animate Dead             Necr           N/A          1%          4    ###....
 Iskenderun's Mystic Bla  Conj           #####...     5%          4    ###....
 Excruciating Wounds      Chrm/Necr      ######....   6%          5    #####..
 Death Channel            Necr           ######....   7%          6    ######.
 Bolt of Magma            Conj/Fire/Erth ######....   10%         5    #####..
 Venom Bolt               Conj/Pois      ######....   10%         5    #####..
 Force Lance              Conj/Tloc      ####....     16%         4    ###....
 Fulminant Prism          Conj/Hex       ####......   19%         4    ###....
 Iskenderun's Battlesphe  Conj/Chrm      #####...     22%         5    #####..
 Iron Shot                Conj/Erth      ######....   30%         6    ######.
 Orb of Destruction       Conj           #####.....   99%         7    #######
 Spellforged Servitor     Conj/Summ      ####......   100%        7    #######
 Blink                    Tloc           Unusable     N/A         2    N/A

Dungeon Overview and Level Annotations

Branches:
Dungeon (14/15)            Temple (1/1) D:7            Lair (0/6) D:11
    Orc (0/2) D:12         Vaults (0/5) D:13

Altars:
Ashenzari
Cheibriados
Dithmenos
Elyvilon
Fedhas
Gozag
Hepliaklqana
Kikubaaqudgha
Makhleb
Nemelex Xobeh
Okawaru
Qazlal
Ru
Sif Muna
Trog
Uskayaw
Vehumet
Wu Jian
Xom
Yredelemnul
Zin
The Shining One

Shops:
D:7 (   D:10 *   D:12 *(

Annotations:
D:9 3 runed translucent doors


Innate Abilities, Weirdness & Mutations

You cannot be hasted, slowed, berserked, paralysed or teleported.
You can dig through walls and to a lower floor.
Your four strong arms can wield two-handed weapons with a shield.
You have a pair of large antennae on your head. (SInv)
You have large cloven feet.
You are agile. (Dex +2)
Your flesh is heat resistant. (rF+)


Message History

An orc wizard comes into view. It is wielding a +0 dagger.
The soldier ant twitches its antennae in your direction.
A hippogriff and an orc come into view.
The orc wizard shouts!
Found 11 gold pieces.
An orc priest comes into view. It is wielding a +0 dagger.
The orc wizard mumbles some strange words.
The orc wizard seems to speed up.
An orc warrior comes into view. It is wielding a +0 trident.
The orc shouts!
The orc warrior shouts!
You hear a shout!
There is an escape hatch in the ceiling here.
The hippogriff screeches!
You block the hound's attack. The five-headed hydra bites you!
The five-headed hydra closely misses you.
The five-headed hydra bites you! x2
You die...
Kikubaaqudgha rasps: "You have failed me!
Welcome... death!"

....... ..# ....... ...#
.....#l##...$##
##............#
.......#...oo. ...
......#o...oo
#..##.##...Y..... ..
###..#.##a@...#
......#........Dh...###.
... #.#......#..........
...##........##.........
....#......{{{#z........
...........{{.c....(...#
(........{.5####......H.
.(†.....z|....###.......
.#.<.....5.#............


You could see a five-headed hydra, a skeletal warrior, a centaur warrior, a
hippogriff, a soldier ant, an orc warrior, an ice beast, a hound, an orc priest
(wandering), 2 orc wizards, an orc and a leopard gecko (wandering).

Vanquished Creatures
  Gastronok (D:12)
  4 vault guards (D:13)
  A rakshasa (D:13)
  2 hydras
  3 centaur warriors
  6 two-headed ogres
  2 skeletal warriors (D:11)
  2 deep elf magi
  7 ugly things
  A kobold demonologist (D:14)
  A meliai (D:14)
  2 hornets (D:14)
  A troll (D:14)
  A queen bee (D:14)
  Grinder (D:4)
  A harpy skeleton (D:14)
  10 slime creatures
  2 hippogriffs
  A shadow (D:13)
  2 water elementals (D:14)
  Sigmund (D:2)
  11 yaks
  2 wyverns
  A basilisk (D:14)
  2 steam dragons (D:12)
  2 hungry ghosts
  Menkaure (D:3)
  Edmund (D:2)
  A water moccasin (D:14)
  2 soldier ants
  2 black bears
  A phantom (D:9)
  4 sky beasts
  5 ice beasts
  7 orc warriors
  4 ogres
  11 centaurs
  A crocodile (D:12)
  2 big kobolds
  3 elf zombies (Ossuary)
  9 bullfrogs
  A water moccasin zombie (D:6)
  2 wyvern zombies
  A wyvern skeleton (D:9)
  4 scorpions
  23 killer bees
  3 wights (D:13)
  2 electric eels (D:14)
  8 howler monkeys
  A centaur zombie (D:6)
  A bullfrog zombie (D:7)
  9 crimson imps
  2 quasits
  7 orc priests
  3 jellies
  A wyvern simulacrum (D:14)
  4 centaur skeletons
  8 hounds
  2 human zombies (Ossuary)
  13 orc wizards
  2 bullfrog skeletons
  3 iguanas
  Jessica (D:2)
  13 worker ants
  2 mummies (Ossuary)
  2 hound skeletons
  Robin (D:2)
  A howler monkey zombie (D:11)
  A howler monkey skeleton (D:7)
  4 gnolls (D:6)
  13 adders
  6 shadow imps
  5 adder skeletons
  A worm (D:4)
  A dart slug (D:4)
  6 leopard geckos
  60 orcs
  5 giant cockroaches
  17 goblins
  10 hobgoblins
  15 jackals
  3 quokkas
  2 ball pythons
  8 bats
  4 frilled lizards
  15 hobgoblin zombies (Ossuary)
  2 jackal zombies
  20 kobolds
  6 kobold zombies (Ossuary)
  A leopard gecko skeleton (D:8)
  9 orc zombies (Ossuary)
  4 rats
  A rat zombie (Ossuary)
  2 plants (D:14)
465 creatures vanquished.

Vanquished Creatures (collateral kills)
  A meliai (D:14)
  2 killer bees (D:14)
  An adder (D:11)
4 creatures vanquished.

Vanquished Creatures (others)
  A meliai (D:14)
  2 killer bees (D:14)
  6 plants (D:14)
9 creatures vanquished.

Grand Total: 478 creatures vanquished

Notes
Turn   | Place    | Note
-------+----------+-------------------------------------------
     0 | D:1      | DildoBatman the Formicid Wizard began the quest for the
                  | Orb.
     0 | D:1      | Reached XP level 1. HP: 13/13 MP: 4/4
    32 | D:1      | Reached skill level 1 in Conjurations
   488 | D:1      | Reached XP level 2. HP: 19/19 MP: 3/6
  1144 | D:2      | Noticed Robin
  1205 | D:2      | Noticed Jessica
  1260 | D:2      | Reached XP level 3. HP: 24/24 MP: 0/7
  1608 | D:2      | Reached XP level 4. HP: 29/30 MP: 4/8
  2494 | D:3      | Reached XP level 5. HP: 35/35 MP: 4/9
  3715 | D:4      | Reached XP level 6. HP: 35/41 MP: 6/10
  3719 | D:4      | Learned a level 2 spell: Slow
  3723 | D:4      | Learned a level 3 spell: Conjure Flame
  3727 | D:4      | Learned a level 3 spell: Mephitic Cloud
  3862 | D:4      | Noticed Edmund
  4171 | D:4      | Reached skill level 5 in Stealth
  4308 | D:4      | Noticed Menkaure
  4659 | D:4      | Found a burning altar of Makhleb.
  4836 | D:5      | Entered Level 5 of the Dungeon
  4911 | D:5      | Found a sand-covered staircase.
  4940 | D:5      | Reached XP level 7. HP: 18/46 MP: 3/11
  4979 | D:5      | Reached skill level 5 in Conjurations
  4979 | D:5      | Reached skill level 1 in Fire Magic
  4979 | D:5      | Noticed Grinder
  5153 | Ossuary  | Entered an ossuary
  5544 | Ossuary  | Reached XP level 8. HP: 39/52 MP: 0/12
  5690 | D:5      | Found a shadowy altar of Dithmenos.
  5715 | D:6      | Found a white marble altar of Elyvilon.
  5977 | D:6      | Found a glowing golden altar of the Shining One.
  5991 | D:6      | Found a stormy altar of Qazlal.
  5992 | D:6      | Found a sacrificial altar of Ru.
  5992 | D:6      | Found an opulent altar of Gozag.
  6380 | D:6      | Reached skill level 1 in Poison Magic
  6471 | D:7      | Found a shimmering altar of Xom.
  6512 | D:7      | Found a shimmering altar of Xom.
  6543 | D:7      | Found a shimmering altar of Xom.
  6544 | D:7      | Found a shimmering altar of Xom.
  6544 | D:7      | Found a shimmering altar of Xom.
  6787 | D:7      | Reached skill level 1 in Air Magic
  6891 | D:7      | Found Yngotali's Antique Weapon Boutique.
  6900 | D:7      | Found a staircase to the Ecumenical Temple.
  6923 | Temple   | Entered the Ecumenical Temple
  7078 | Temple   | Became a worshipper of Kikubaaqudgha
  7099 | D:7      | Bought a transparent quarterstaff for 189 gold pieces
  7099 | D:7      | Identified the cursed +2 quarterstaff "Vyosuam" {drain,
                  | *Noise +Blink rC+ Int+7} (You bought it in a shop on level
                  | 7 of the Dungeon)
  7233 | D:7      | Reached skill level 1 in Staves
  7678 | D:6      | Reached XP level 9. HP: 25/57 MP: 10/15
  8286 | D:4      | Reached * piety under Kikubaaqudgha
  8286 | D:4      | Identified Kikubaaqudgha's Volume of Necromancy
                  | (Kikubaaqudgha gifted it to you on level 4 of the Dungeon)
  8286 | D:4      | Received a gift from Kikubaaqudgha
  8292 | D:4      | Learned a level 3 spell: Regeneration
  8295 | D:4      | Learned a level 2 spell: Sublimation of Blood
  8319 | D:4      | Reached skill level 5 in Poison Magic
  8443 | D:4      | Killed Grinder
  8455 | D:3      | Killed Menkaure
  8496 | D:2      | Killed Edmund
  8666 | D:2      | Killed Robin
  8672 | D:2      | Noticed Sigmund
  8715 | D:2      | Killed Sigmund
  8850 | D:2      | Killed Jessica
  9251 | D:8      | Reached skill level 1 in Fighting
  9251 | D:8      | Reached skill level 1 in Armour
  9251 | D:8      | Reached skill level 1 in Necromancy
  9441 | D:8      | Reached skill level 1 in Charms
  9673 | D:8      | Reached ** piety under Kikubaaqudgha
  9675 | D:8      | Reached XP level 10. HP: 48/65 MP: 12/16
  9678 | D:8      | Reached skill level 1 in Shields
 10125 | D:9      | Reached skill level 1 in Evocations
 10318 | D:9      | Reached skill level 2 in Necromancy
 10555 | D:9      | Reached skill level 5 in Shields
 10597 | D:9      | Noticed a brown ugly thing
 10598 | D:9      | Found a runed translucent gate.
 10598 | D:9      | Found a runed translucent gate.
 10598 | D:9      | Found a runed translucent gate.
 10598 | D:9      | Noticed a brown ugly thing
 10598 | D:9      | Noticed a green ugly thing
 10599 | D:9      | Noticed a purple very ugly thing
 10599 | D:9      | Noticed a white ugly thing
 10599 | D:9      | Noticed a cyan ugly thing
 10742 | D:9      | Gained mutation: Your flesh is heat resistant. (rF+)
                  | [potion of mutation]
 10742 | D:9      | Gained mutation: You are agile. (Dex +2) [potion of
                  | mutation]
 10742 | D:9      | Gained mutation: You have large cloven feet. [potion of
                  | mutation]
 10744 | D:10     | Entered Level 10 of the Dungeon
 10754 | D:10     | Noticed a two-headed ogre
 10772 | D:10     | Killed a two-headed ogre
 10772 | D:10     | Reached skill level 5 in Spellcasting
 10772 | D:10     | Reached XP level 11. HP: 75/75 MP: 4/18
 10801 | D:10     | Noticed a two-headed ogre
 11183 | D:9      | Killed a two-headed ogre
 11183 | D:9      | Reached skill level 3 in Necromancy
 11317 | D:10     | Reached *** piety under Kikubaaqudgha
 11317 | D:10     | Identified Kikubaaqudgha's Reference Book on Unholy Rituals
                  | (Kikubaaqudgha gifted it to you on level 10 of the Dungeon)
 11317 | D:10     | Received a gift from Kikubaaqudgha
 11402 | D:10     | Found Lyfecw's Assorted Antiques.
 11695 | D:10     | Noticed a two-headed ogre
 11767 | D:10     | Killed a two-headed ogre
 11767 | D:10     | Reached skill level 4 in Necromancy
 12098 | D:11     | You fall through a shaft for 3 floors!
 12576 | D:14     | Reached skill level 5 in Armour
 12577 | D:14     | Reached skill level 5 in Fighting
 12590 | D:14     | Reached skill level 5 in Evocations
 12590 | D:14     | Reached skill level 5 in Necromancy
 12805 | D:14     | Reached XP level 12. HP: 71/86 MP: 9/21
 12861 | D:14     | Reached skill level 6 in Necromancy
 12980 | D:14     | Noticed a two-headed ogre
 13013 | D:14     | Killed a two-headed ogre
 13013 | D:14     | Reached skill level 7 in Necromancy
 13406 | D:14     | Reached **** piety under Kikubaaqudgha
 13450 | D:14     | Noticed a centaur warrior
 13473 | D:14     | Reached skill level 8 in Necromancy
 13501 | D:14     | Noticed an eight-headed hydra
 13548 | D:14     | Killed an eight-headed hydra
 13671 | D:14     | Killed a centaur warrior
 13671 | D:14     | Reached skill level 9 in Necromancy
 13819 | D:14     | Reached skill level 10 in Necromancy
 14593 | D:13     | Noticed a centaur warrior
 14620 | D:13     | Killed a centaur warrior
 14620 | D:13     | Reached XP level 13. HP: 48/91 MP: 10/22
 14646 | D:13     | Noticed a rakshasa
 14771 | D:13     | Reached skill level 11 in Necromancy
 14793 | D:13     | Noticed a vault guard
 14809 | D:13     | Killed a vault guard
 14840 | D:13     | Learned a level 5 spell: Dispel Undead
 14846 | D:13     | Learned a level 5 spell: Borgnjor's Vile Clutch
 14889 | D:13     | Noticed a vault guard
 14917 | D:13     | Killed a vault guard
 14917 | D:13     | Reached skill level 1 in Earth Magic
 14946 | D:13     | Noticed a vault guard
 14970 | D:13     | Killed a vault guard
 14995 | D:13     | Noticed a vault guard
 15009 | D:13     | Killed a vault guard
 15036 | D:13     | Noticed a centaur warrior
 15058 | D:13     | Killed a centaur warrior
 15104 | D:13     | Reached skill level 12 in Necromancy
 15114 | D:13     | Reached skill level 5 in Earth Magic
 15155 | D:13     | Found a gate to the Vaults.
 15368 | D:13     | Killed a rakshasa
 15771 | D:12     | Reached ***** piety under Kikubaaqudgha
 15850 | D:12     | Found a staircase to the Orcish Mines.
 15925 | D:12     | Noticed a four-headed hydra
 15956 | D:12     | Killed a four-headed hydra
 16105 | D:11     | You fall through a shaft for 2 floors!
 16298 | D:11     | You fall through a shaft for 3 floors!
 16450 | D:12     | Found Xuyr's General Store.
 16458 | D:12     | Bought a potion of degeneration for 17 gold pieces
 16474 | D:12     | Identified the cursed +1 falchion "Seickie" {antimagic, rC+
                  | MR- Dex+2}
 16499 | D:12     | Noticed Gastronok
 16524 | D:12     | Killed Gastronok
 16524 | D:12     | Reached skill level 10 in Earth Magic
 16594 | D:12     | Reached XP level 14. HP: 98/98 MP: 17/23
 16632 | D:11     | Found a staircase to the Lair.
 16635 | D:11     | You fall through a shaft for 2 floors!
 16940 | D:12     | Found Neorgh's Antique Weapon Emporium.
 17460 | D:11     | HP: 3/98 [five-headed hydra (9)]
 17460 | D:11     | Mangled by a five-headed hydra

Skill      XL: |  1  2  3  4  5  6  7  8  9 10 11 12 13 |
---------------+----------------------------------------+-----
Conjurations   | 1 2 3 4 5 6 |  6.0
Stealth        | 3 4 5 6 |  6.0
Fire Magic     | 3 4 |  4.1
Poison Magic   | 3 7 8 |  8.0
Air Magic      | 2 4 |  4.0
Staves         | 2 |  2.0
Spellcasting   | 4 5 6 |  6.1
Dodging        | 2 3 |  3.2
Fighting       | 1 3 5 |  5.2
Armour         | 1 3 5 |  5.3
Necromancy     | 1 2 5 10 12 | 12.0
Charms         | 1 3 4 |  4.1
Shields        | 5 6 |  6.0
Evocations     | 2 5 6 |  6.0
Earth Magic    | 10 | 10.6
Summonings     | |  1.0
Translocations | |  0.8

Action                   |  1- 3 |  4- 6 |  7- 9 | 10-12 | 13-15 || total
-------------------------+-------+-------+-------+-------+-------++-------
Melee: Short sword       |     4 |    48 |   128 |       |       ||   180
       Mace              |       |     1 |       |       |       ||     1
       Quarterstaff      |       |       |   153 |   384 |   224 ||   761
       Unarmed           |       |       |     2 |       |       ||     2
       Kick              |       |       |       |    82 |    70 ||   152
Throw: Stone             |       |       |       |     4 |       ||     4
 Cast: Magic Dart        |    67 |   144 |   126 |   166 |    25 ||   528
       Mephitic Cloud    |       |     8 |    21 |    52 |    19 ||   100
       Conjure Flame     |       |     2 |    19 |    63 |    27 ||   111
       Regeneration      |       |       |       |    27 |    40 ||    67
       Sublimation of Bl |       |       |       |    16 |    22 ||    38
       Borgnjor's Vile C |       |       |       |       |    39 ||    39
       Dispel Undead     |       |       |       |       |     1 ||     1
 Abil: Dig               |       |     1 |    22 |    20 |    19 ||    62
       Shaft Self        |       |       |       |       |     3 ||     3
Evoke: Wand              |       |       |     2 |    10 |       ||    12
  Use: Scroll            |       |     4 |     4 |     6 |       ||    14
       Potion            |       |       |       |     3 |     4 ||     7
 Stab: Sleeping          |       |     2 |     2 |     3 |     1 ||     8
       Confused          |       |     2 |     9 |    22 |     4 ||    37
  Eat: Chunk             |     2 |    10 |    18 |    16 |    21 ||    67
       Ration            |       |       |     1 |     1 |     1 ||     3
Armor: Robe              |     9 |    13 |    66 |    74 |    44 ||   206
       Skin              |       |       |     1 |       |       ||     1
       Leather armour    |       |       |       |       |     8 ||     8
Dodge: Dodged            |    19 |    46 |   148 |   168 |   159 ||   540
Block: Buckler           |       |       |     1 |    76 |    75 ||   152
